 Dungeon Crawl Stone Soup version 0.29.1-12-g30fa7ad0bf (webtiles) character file.

Game seed: 3691985768183893520

42 kingofthe the Trooper (level 3, 0/33 HPs)
             Began as a Minotaur Fighter on Jan 14, 2023.
             Slain by an orc priest
             ... wielding a +0 falchion
              (7 damage)
             ... on level 3 of the Dungeon.
             The game lasted 00:03:29 (1594 turns).

kingofthe the Trooper (Minotaur Fighter)            Turns: 1594, Time: 00:03:29

Health: 0/33       AC:  8    Str: 20    XL:     3   Next: 35%
Magic:  2/2        EV: 10    Int:  5    God:
Gold:   84         SH:  4    Dex: 11    Spells: 2/2 levels left

rFire   . . .      SeeInvis .   a - +0 trident
rCold   . . .      Faith    .   c - +0 buckler
rNeg    . . .      Spirit   .   p - +0 ring mail
rPois   .          Reflect  .   (helmet restricted)
rElec   .          Harm     .   o - +0 cloak
rCorr   .          Rampage  .   m - +0 pair of gloves
Will    .....                   (no boots)
Stlth   +.........              i - amulet of the acrobat
HPRegen 0.11/turn               (no ring)
MPRegen 0.08/turn               (no ring)

@: no status effects
A: horns 2, retaliatory headbutt
a: no special abilities


You were on level 3 of the Dungeon.
You visited 1 branch of the dungeon, and saw 4 of its levels.

You collected 84 gold pieces.

Inventory:

Hand Weapons
 a - a +0 trident (weapon)
Armour
 b - a +0 scale mail
 c - a +0 buckler (worn)
 m - a +0 pair of gloves (worn)
 o - a +0 cloak (worn)
 p - a +0 ring mail (worn)
Jewellery
 i - an amulet of the acrobat (around neck)
Scrolls
 f - 4 scrolls of identify {unknown}
 j - a scroll of magic mapping {unknown}
 l - a scroll of silence {unknown}
 n - a scroll of immolation {unknown}
 r - a scroll of torment {unknown}
 s - a scroll of teleportation {unknown}
Potions
 d - 2 potions of might
 e - a potion of degeneration {unknown}
 g - a potion of heal wounds {unknown}
 h - a potion of mutation {unknown}
 k - 2 potions of haste {unknown}
 q - a potion of resistance {unknown}


   Skills:
 + Level 4.1 Fighting
 + Level 3.1 Polearms
 - Level 4.0 Armour
 * Level 0.7 Dodging
 + Level 4.1 Shields


You had 2 spell levels left.
You didn't know any spells.
Your spell library contained the following spells:

 Spells                   Type           Power      Damage    Failure   Level
 Static Discharge         Conj/Air       0%         3-3/arc   86%         2
 Lightning Bolt           Conj/Air       0%         1d11      100%        5
 Maxwell's Capacitive Co  Air            0%         ∞         100%        8


Dungeon Overview and Level Annotations

Branches:
Dungeon (4/15)
 Temple: D:4-7

Altars:
Elyvilon


Innate Abilities, Weirdness & Mutations

You have a pair of horns on your head.
You reflexively headbutt those who attack you in melee.


Message History

You kill the endoplasm!
You block the hobgoblin's attack.
You closely miss the hobgoblin. The hobgoblin hits you.
You hit the hobgoblin.
You kill the hobgoblin!
No target in view!
No target in view!
s - a scroll labelled IPENUI AFYPH
Found a stone staircase leading up.
An orc priest and 2 orc wizards come into view.
Found 7 stones.
The orc priest shouts!
The orc wizard shouts! x2; You hear a bark!
You hear a shout!
The orc wizard points at you and mumbles some strange words.
The magic dart hits you.
The orc wizard gestures at you while chanting.
The puff of flame misses you.
There is a stone staircase leading up here.
You reach to attack!
You hit the orc priest.
The orc priest is moderately wounded.
You closely miss the orc priest.
The orc priest is moderately wounded.
The orc priest closely misses you. You furiously retaliate!
You headbutt the orc priest.
The orc priest looks braver for a moment.
The orc priest calls down the wrath of Beogh upon you.
Beogh smites you!
You climb upwards.
There is a stone staircase leading down here.
You closely miss the orc priest. Your headbutt misses the orc priest.
The orc priest is moderately wounded.
The orc priest mumbles some strange prayers to Beogh against you.
Pain shoots through your body!
* * * LOW HITPOINT WARNING * * *
You are too injured to fight recklessly!
You are too injured to fight recklessly!
You closely miss the orc priest. Your headbutt misses the orc priest.
The orc priest is moderately wounded.
The orc priest hits you with a +0 falchion!
You die... .# ##########...# #......@o....+ #.##########.#

You could see an orc priest.

Vanquished Creatures
  An adder (D:4)
  A worm (D:2)
  A dart slug (D:1)
  An orc (D:4)
  4 ball pythons (D:1)
  3 endoplasms
  A goblin (D:1)
  4 hobgoblins
  2 jackals (D:4)
  A kobold (D:2)
  A quokka (D:1)
  A bat (D:1)
  2 frilled lizards
  3 rats
26 creatures vanquished.

Notes
Turn   | Place    | Note
-------+----------+-------------------------------------------
     0 | D:1      | kingofthe the Minotaur Fighter began the quest for the Orb.
     0 | D:1      | Reached XP level 1. HP: 19/19 MP: 0/0
   368 | D:1      | Reached XP level 2. HP: 27/27 MP: 1/1
  1207 | D:2      | Found a white marble altar of Elyvilon.
  1418 | D:2      | You fall into a shaft and drop 2 floors!
  1495 | D:4      | Reached XP level 3. HP: 33/33 MP: 2/2
  1594 | D:3      | Slain by an orc priest

Illustrated notes

Levels and vault maps discovered:
D:1:      sevenhm_arrival_forest_fort_large_3, layout_basic
D:2:      layout_loops_ring, basic_altar, item_on_display_a
D:3:      layout_basic, hellmonk_ecumenical_altar_slurped_away,
          kennysheep_generic_room_6, uniq_terence, uniq_grinder
D:4:      corexii_shack_village, layout_basic

Skill      XL: |  1  2 |
---------------+-------+-----
Fighting       | 4 |  4.1
Armour         | 4 |  4.0
Shields        | 4 |  4.1
Polearms       | 3 |  3.1
Dodging        | |  0.7

Action                   || total
-------------------------++-------
Melee: Trident           ||    74
       Headbutt          ||     7
Armor: Scale mail        ||    13
       Ring mail         ||     4
Dodge: Dodged            ||    22
Block: Buckler           ||    19
